 Dungeon Crawl Stone Soup version 0.30.1-1-g62c8e00024 (webtiles) character file.

Game seed: 3270828953773338137

3362 monsoonserge the Thaumaturge (level 10, 0/55 HPs)
             Began as a Djinni Fire Elementalist on July 14, 2023.
             Was a Follower of Hepliaklqana.
             Shot with an arrow by a centaur (10 damage)
             ... on level 9 of the Dungeon.
             The game lasted 00:32:52 (8721 turns).

monsoonserge the Thaumaturge (DjFE)                 Turns: 8721, Time: 00:32:52

Health: 0/55       AC:  5    Str:  7    XL:     10   Next: 23%
Gold:   235        EV: 27    Int: 29    God:    Hepliaklqana [*.....] SH:  0 Dex: 14

rFire   + + .        R - +2 short sword (vamp)
rCold   . . .        (no shield)
rNeg    . . .        u - +0 leather armour
rPois   ∞            (no helmet)
rElec   .            H - +0 cloak {Stlth+}
rCorr   .            G - +0 pair of gloves
SInv    .            (boots unavailable)
Will    +....        a - amulet "Zerghon" {Acrobat +Blink Int+2}
Stlth   +++          e - +6 ring of intelligence
HPRegen 0.29/turn    L - ring of protection from cold
MPRegen 0.00/turn

%: acrobat, infuse magic (-1 HP)
@: acrobatic, flying
A: reduced essence, sickness immunity, fire resistance 2, cold vulnerability 1,
float, innate caster, HP casting, extra vitality 1
a: Renounce Religion, Evoke Blink, Recall Ancestor, Ancestor Identity


You were on level 9 of the Dungeon.
You worshipped Hepliaklqana.
Hepliaklqana was aware of your devotion.
You visited 2 branches of the dungeon, and saw 10 of its levels.

You collected 404 gold pieces.
You spent 169 gold pieces at shops.

Inventory:

Hand Weapons
 f - a +0 short sword
 A - a +1 heavy hand crossbow
 M - a +0 hand axe of freezing
 N - a +1 heavy spear
 O - a +3 halberd
 Q - a +1 short sword of protection
 R - a +2 vampiric short sword (weapon)
 W - a +3 morningstar of freezing
Missiles
 m - 3 silver boomerangs
 B - 8 poisoned darts
 K - 3 javelins
 U - 6 boomerangs
Armour
 b - a +0 ring mail
 u - a +0 leather armour (worn)
 G - a +0 pair of gloves (worn)
 H - a +0 cloak of stealth (worn)
Magical Staves
 p - a staff of earth
Jewellery
 a - the amulet "Zerghon" (around neck) {Acrobat +Blink Int+2}
   (You found it on level 5 of the Dungeon)

   [amulet of the acrobat]

   It increases your evasion while moving and waiting.
   Int:       It affects your intelligence (+2).
   +Blink:    It lets you blink.
 d - a ring of fire
 e - a +6 ring of intelligence (left hand)
 h - a ring of wizardry
 D - a ring of see invisible
 I - a ring of willpower
 L - a ring of protection from cold (right hand)
Wands
 x - a wand of iceblast (8)
 z - a wand of flame (11)
 P - a wand of acid (12)
Scrolls
 c - 3 scrolls of blinking {unknown}
 g - a scroll of vulnerability {unknown}
 i - 2 scrolls of enchant armour {unknown}
 k - 2 scrolls of poison {unknown}
 n - 8 scrolls of identify {unknown}
 q - 4 scrolls of amnesia {unknown}
 s - a scroll of brand weapon {unknown}
 t - 3 scrolls of teleportation {unknown}
 y - 3 scrolls of enchant weapon {unknown}
 J - a scroll of fear {unknown}
Potions
 j - 5 potions of heal wounds
 l - a potion of cancellation {unknown}
 o - a potion of attraction {unknown}
 r - 4 potions of magic {unknown}
 v - 2 potions of flight {unknown}
 w - 2 potions of mutation {unknown}
 C - 4 potions of brilliance {unknown}
 E - a potion of haste {unknown}
 F - 3 potions of curing {unknown}
 S - a potion of invisibility {unknown}
 T - a potion of degeneration {unknown}
 V - a potion of might {unknown}


   Skills:
 + Level 1.2 Fighting
 + Level 0.1 Polearms
 + Level 1.4 Ranged Weapons
 - Level 4.0 Armour
 + Level 3.4 Dodging
 - Level 2.0 Stealth
 * Level 9.6 Spellcasting
 * Level 3.7 Evocations


You knew the following spells:

 Your Spells              Type           Power      Damage    Failure   Level
a - Foxfire               Conj/Fire      100%       2x1d9     1%          1
b - Scorch                Fire           100%       2d9       1%          2
c - Volatile Blastmotes   Fire/Tloc      100%       2d18      1%          3
d - Inner Flame           Hex/Fire       62%        N/A       1%          3
e - Flame Wave            Conj/Fire      62%        2d14      1%          4
f - Shock                 Conj/Air       100%       1d9       1%          1
g - Static Discharge      Conj/Air       100%       2-7/arc   1%          2
h - Vampiric Draining     Necr           62%        2d10      1%          3
i - Frozen Ramparts       Ice            100%       1d16      1%          3
Your spell library was empty.

Dungeon Overview and Level Annotations

Branches:
Dungeon (9/15)             Temple (1/1) D:5
   Lair: D:8-11         Orc: D:9-12

Altars:
Ashenzari
Cheibriados
Dithmenos
Elyvilon
Fedhas
Gozag
Hepliaklqana
Makhleb
Nemelex Xobeh
Ru
Trog
Uskayaw
Wu Jian
Xom
Yredelemnul
Zin
The Shining One

Shops:
D:1 (   D:5 *   D:7 *

Annotations:
D:8 Gastronok


Innate Abilities, Weirdness & Mutations

Your life essence is reduced to manifest your ancestor. (-10% HP)
You are immune to sickness and miasma.
You are immune to poison.
Your flesh is very heat resistant. (rF++)
You are vulnerable to cold. (rC-)
You float through the air rather than walking.
You learn spells naturally, not from books.
Your magical power is your life essence.
You have superior vitality. (+4 MHP)


Message History

The wight is burned terribly!
The wight is heavily damaged.
Eideard hits the wight.
The wight hits Eideard with a +0 short sword.
Eideard is destroyed!
Casting: Foxfire (safe; 1% risk of failure)
Confirm with . or Enter, or press ? or * to list all spells.
Flames lash the wight.
The wight is burned terribly!
You destroy the wight!
Your foxfire dissipates!
Unknown command.
Your foxfire dissipates!
Your foxfire dissipates!
Things that are here:
a +3 morningstar of freezing; a +0 leather armour
W - a +3 morningstar of freezing A gnoll comes into view.
It is wielding a +0 whip.
The gnoll shouts!
The gnoll sergeant shouts!
Things that are here:
a +0 short sword; a +0 robe You see here a +0 leather armour.
A sky beast comes into view.
The gnoll sergeant throws a stone.
The stone hits you.
There is a stone staircase leading down here.
The gnoll sergeant throws a stone.
The stone hits you.
You fly downwards.
The centaur shouts!
There is a stone staircase leading up here.
Found a ring mail, a red potion and a scroll labelled WOMMEE HELUPS.
Found a stone staircase leading down.
The centaur wields a +0 shortbow.
The centaur shoots an arrow.
The arrow hits you.
Casting: Scorch (safe; 1% risk of failure)
Confirm with . or Enter, or press ? or * to list all spells.
A cloud of volatile blastmotes flares up around you!
The centaur shoots an arrow.
The arrow hits you!
The centaur shoots an arrow.
The arrow hits you!
* * * LOW HITPOINT WARNING * * *
The centaur shoots an arrow.
The arrow closely misses you.
The centaur shoots an arrow.
The arrow hits you!
You die...

#.. ..........
##.. #.........
#... #...c.....
#... .........
#...## ........#
#....### #..c...##
#...!..###.......#
#..[@...##<.#
#........§c###
.............#
#.............#
##.............#
#...............#
.#..............#
#...........?.##
...........#


You could see a centaur.

Vanquished Creatures
  Psyche (D:8)
  A steam dragon (D:7)
  An acid dragon (D:6)
  A water moccasin (D:6)
  An ice beast (D:7)
  3 orc warriors
  A sky beast (D:7)
  A black bear (D:6)
  2 ogres
  2 phantoms (D:6)
  A kobold brigand (D:8)
  A bullfrog (D:8)
  3 scorpions
  3 wights
  3 killer bees (D:8)
  An electric eel (D:6)
  2 howler monkeys (D:5)
  A jelly (D:7)
  3 hounds
  3 orc priests
  Crazy Yiuf (D:5)
  A gnoll bouda (D:5)
  Jessica (D:2)
  A sleepcap (D:6)
  3 iguanas
  Natasha (twice) (D:2)
  3 orc wizards (D:7)
  13 gnolls
  8 adders
  A white imp (D:6)
  An ufetubus (D:6)
  3 worms
  3 dart slugs
  14 orcs
  3 ball pythons
  4 bats
  9 endoplasms
  4 giant cockroaches
  9 goblins
  11 hobgoblins
  A jackal (D:3)
  11 kobolds
  9 quokkas
  11 frilled lizards
  3 rats (D:1)
165 creatures vanquished.

Vanquished Creatures (collateral kills)
  A black bear (D:7)
  An ice beast (D:7)
  A wight (D:8)
  A killer bee (D:8)
  An orc priest (D:7)
  A gnoll bouda (D:7)
  An adder (D:6)
  2 orcs (D:7)
9 creatures vanquished.

Vanquished Creatures (others)
  An orc warrior (D:7)
  2 bullfrogs (D:7)
  An iguana (D:5)
  An orc wizard (D:7)
  5 ancestors
  An orc (D:5)
  345 foxfires
356 creatures vanquished.

Grand Total: 530 creatures vanquished

Notes
Turn   | Place    | Note
-------+----------+-------------------------------------------
     0 | D:1      | monsoonserge the Djinni Fire Elementalist began the quest
                  | for the Orb.
     0 | D:1      | monsoonserge set off with the following spells memorised:
                  | Foxfire, Scorch, Volatile Blastmotes, Inner Flame, Flame
                  | Wave.
     0 | D:1      | Reached XP level 1. HP: 15/15 MP: 0/0
    50 | D:1      | Found Poetuw's Antique Weapon Emporium.
   117 | D:1      | Reached XP level 2. HP: 15/21 MP: 0/0
   285 | D:1      | Reached skill level 3 in Spellcasting
   285 | D:1      | Reached XP level 3. HP: 18/25 MP: 0/0
   285 | D:1      | Learned a level 1 spell: Shock
   331 | D:1      | Found a faded altar of an unknown god.
  1209 | D:2      | Reached XP level 4. HP: 27/31 MP: 0/0
  1423 | D:2      | Noticed Jessica
  1425 | D:2      | Killed Jessica
  1565 | D:2      | Noticed Natasha
  1575 | D:2      | HP: 1/31 [Natasha/magic dart (8)]
  1577 | D:2      | Killed Natasha
  1578 | D:2      | Reached XP level 5. HP: 28/35 MP: 0/0
  1578 | D:2      | Learned a level 2 spell: Static Discharge
  1765 | D:2      | Reached skill level 4 in Spellcasting
  1936 | D:3      | Found a snail-covered altar of Cheibriados.
  2585 | D:3      | You are sucked into a shaft and drop 3 floors!
  2745 | D:6      | Noticed a water moccasin
  2755 | D:6      | Noticed a black bear
  2760 | D:6      | Noticed a phantom
  2767 | D:6      | Killed a phantom
  2768 | D:6      | Reached XP level 6. HP: 10/40 MP: 0/0
  2769 | D:6      | Killed a black bear
  2770 | D:6      | Reached skill level 5 in Spellcasting
  2770 | D:6      | Killed a water moccasin
  2771 | D:6      | Reached XP level 7. HP: 3/45 MP: 0/0
  2771 | D:6      | Learned a level 3 spell: Vampiric Draining
  2976 | D:5      | Entered Level 5 of the Dungeon
  3161 | D:5      | Reached skill level 6 in Spellcasting
  3455 | D:2      | Noticed Natasha
  3461 | D:2      | Killed Natasha
  3490 | D:1      | Bought a glowing hand crossbow for 169 gold pieces
  4146 | D:4      | Got the Secrets of Congealing Superposition
  4339 | D:4      | Reached XP level 8. HP: 47/50 MP: 0/0
  4713 | D:5      | Found a hazy altar of Hepliaklqana.
  4717 | D:5      | Became a worshipper of Hepliaklqana the Forgotten
  4779 | D:5      | Reached skill level 1 in Armour
  4902 | D:5      | Found a hide-covered altar of Uskayaw.
  4924 | D:5      | Found Jube's Fire Supplies.
  5009 | D:5      | Found a runed translucent door.
  5010 | D:5      | Noticed Crazy Yiuf
  5251 | D:5      | Found a sacrificial altar of Ru.
  5342 | D:5      | Found an ornate altar of the Wu Jian Council.
  5348 | D:5      | Identified the amulet "Zerghon" {Acrobat +Blink Int+2}
  5385 | D:5      | Found a staircase to the Ecumenical Temple.
  5391 | Temple   | Entered the Ecumenical Temple
  5719 | D:5      | Killed Crazy Yiuf
  5917 | D:6      | Reached skill level 1 in Evocations
  6122 | D:6      | Reached skill level 7 in Spellcasting
  6391 | D:6      | Reached * piety under Hepliaklqana
  6594 | D:6      | Reached XP level 9. HP: 32/50 MP: 0/0
  6594 | D:6      | Learned a level 3 spell: Frozen Ramparts
  7022 | D:7      | Reached skill level 1 in Fighting
  7340 | D:7      | Found a glowing golden altar of the Shining One.
  7345 | D:7      | Found a shimmering altar of Xom.
  7353 | D:7      | Reached skill level 8 in Spellcasting
  7356 | D:7      | Reached skill level 1 in Ranged Weapons
  7500 | D:7      | Found a glowing silver altar of Zin.
  7501 | D:7      | Found Zin's Purification Station.
  8316 | D:8      | Noticed Gastronok
  8499 | D:8      | Noticed Psyche
  8501 | D:8      | Reached XP level 10. HP: 47/55 MP: 0/0
  8504 | D:8      | Killed Psyche
  8505 | D:8      | Reached skill level 9 in Spellcasting
  8721 | D:9      | Shot with an arrow by a centaur

Illustrated notes

Levels and vault maps discovered:
D:1:      minmay_arrival_four_loops, layout_basic,
          hellmonk_ecumenical_altar_defaced_shrine, serial_shops,
          nicolae_shop_tiny_glass, minmay_lizard_king
D:2:      layout_basic, uniq_jessica, uniq_natasha
D:3:      layout_basic, mainiacjoe_overflow_24_doors, st_stairs_9,
          kennysheep_generic_room_4
D:4:      layout_gridville, mainiacjoe_overflow_brackets
D:5:      layout_basic, fiery_altar_vehumet, nzn_hepliaklqana_mist_gate,
          lemuel_coloured_pillars_altar, general_overflow_altar,
          nicolae_overflow_crystal_walls, minmay_temple_entry_fiery,
          nicolae_shop_fire_sale [nicolae_sub_dead_trees],
          uniq_crazy_yiuf_cottage
D:6:      layout_basic, dk_noncrumbling_2, minmay_misc_feat_roman,
          minmay_hedge_maze, dreamdust_wishing_well, serial_bayou_pond_b
D:7:      layout_loops_ring, xom_confusion_cloud, zin_purify, tso_metal_star,
          serial_rivers, chequers_serial_rivers_room_a,
          chequers_serial_rivers_micro_a, chequers_serial_rivers_room_b,
          chequers_serial_rivers_small_a
D:8:      layout_cave_pools, old_standard_altar, kennysheep_generic_room_15,
          uniq_gastronok, uniq_grum, uniq_psyche
D:9:      layout_cave_pods, mainiacjoe_overflow_six_doors_small,
          lemuel_flame_loot_1, uniq_maurice, uniq_harold
Temple:   chequers_temple_sunken

Skill      XL: |  1  2  3  4  5  6  7  8  9 10 |
---------------+-------------------------------+-----
Spellcasting   | 3 4 5 6 7 8 9 |  9.6
Stealth        | 2 |  2.0
Dodging        | 3 |  3.4
Armour         | 3 4 |  4.0
Evocations     | 2 3 |  3.7
Fighting       | 1 |  1.2
Ranged Weapons | 1 |  1.4
Polearms       | |  0.1

Action                     |  1- 3 |  4- 6 |  7- 9 | 10-12 || total
---------------------------+-------+-------+-------+-------++-------
  Melee: Short sword       |     2 |       |     1 |       ||     3
         Spear             |       |     6 |     4 |       ||    10
   Fire: Hand crossbow     |       |       |     6 |       ||     6
   Cast: Foxfire           |    46 |    19 |   125 |    16 ||   206
         Shock             |    10 |    33 |     9 |       ||    52
         Scorch            |     1 |     2 |    64 |    14 ||    81
         Volatile Blastmot |       |    12 |    25 |     1 ||    38
         Inner Flame       |       |     2 |     1 |       ||     3
         Flame Wave        |       |     1 |     1 |       ||     2
         Vampiric Draining |       |       |     3 |       ||     3
         Frozen Ramparts   |       |       |     1 |       ||     1
 Invoke: Recall Ancestor   |       |       |       |     1 ||     1
    Use: Potion            |       |     1 |     1 |       ||     2
 Armour: Robe              |       |     9 |     3 |       ||    12
         Leather armour    |       |       |     7 |       ||     7
  Dodge: Dodged            |     2 |    22 |    28 |     4 ||    56
